 Dungeon Crawl Stone Soup version 0.28-a0-43-g560ac104fe (webtiles) character file.

Game seed: 8743360167348562901

655 bobarctor the Grave Robber (level 7, -2/36 HPs)
             Began as a Deep Elf Necromancer on July 26, 2021.
             Killed by nerve-wracking pain
             ... invoked by Menkaure
              (12 damage)
             ... on level 4 of the Dungeon on July 29, 2021.
             The game lasted 00:32:17 (5698 turns).

bobarctor the Grave Robber (Deep Elf Necromancer)   Turns: 5698, Time: 00:32:17

Health: -2/36      AC:  5    Str:  5      XL:     7   Next: 29%
Magic:  19/19      EV: 12    Int: 22      God:
Gold:   19         SH:  0    Dex: 14 (15) Spells: 9/20 levels left

rFire   . . .      SeeInvis .   z - +2 quarterstaff (chaos)
rCold   . . .      Faith    .   (shield currently unavailable)
rNeg    . . .      Spirit   .   a - +0 robe
rPois   .          Reflect  .   (no helmet)
rElec   .          Harm     .   g - +2 cloak {rCorr}
rCorr   +          Rampage  .   (no gloves)
Will    .....                   (no boots)
Stlth   ++........              (no amulet)
HPRegen 0.12/turn               (no ring)
MPRegen 0.16/turn               (no ring)

@: about to teleport, unable to read
A: deterioration 2, inability to read while threatened
a: no special abilities


You were on level 4 of the Dungeon.
You visited 1 branch of the dungeon, and saw 4 of its levels.

You collected 134 gold pieces.
You spent 115 gold pieces at shops.

Inventory:

Hand Weapons
 d - a +0 short sword
 h - a +0 mace
 v - a +0 trident
 z - a +2 quarterstaff of chaos (weapon)
 B - a +2 vampiric short sword
Missiles
 e - 79 stones
 f - 61 arrows
 k - 26 bolts
 n - 10 poisoned darts (quivered)
 p - 6 atropa-tipped darts
Armour
 a - a +0 robe (worn)
 g - a +2 cloak of preservation (worn)
Jewellery
 D - a ring of ice
Scrolls
 i - a scroll of blinking {unknown}
 j - a scroll of brand weapon {unknown}
 m - a scroll of fear {unknown}
 o - a scroll of enchant armour {unknown}
 u - 2 scrolls of magic mapping
 w - a scroll of fog {unknown}
 y - 3 scrolls of noise {unknown}
 A - a scroll of teleportation
Potions
 b - 2 potions of might
 c - 2 potions of flight {unknown}
 l - 2 potions of cancellation
 q - a potion of resistance {unknown}
 r - 3 potions of curing
 s - 3 potions of lignification
 t - a potion of degeneration {unknown}
 x - a potion of haste {unknown}
 C - a potion of heal wounds {unknown}


   Skills:
 + Level 0.1 Fighting
 + Level 0.8 Staves
 + Level 0.7 Throwing
 + Level 2.5 Dodging
 + Level 3.0 Stealth
 * Level 7.2 Spellcasting
 + Level 7.2 Necromancy
 * Level 1.3 Transmutations
 * Level 3.1 Poison Magic


You had 9 spell levels left.
You knew the following spells:

 Your Spells              Type           Power      Damage    Failure   Level
a - Pain                  Necr           100%       1d9       1%          1
b - Vampiric Draining     Necr           19%        2d8       1%          3
c - Spider Form           Tmut/Pois      8%         N/A       10%         3
d - Animate Dead          Necr           19%        N/A       4%          4

Your spell library contained the following spells:

 Spells                   Type           Power      Damage    Failure   Level
 Animate Skeleton         Necr           78%        N/A       1%          1
 Beastly Appendage        Tmut           26%        N/A       4%          1
 Wereblood                Tmut           13%        N/A       7%          2
 Agony                    Necr           39%        N/A       12%         5


Dungeon Overview and Level Annotations

Branches:
Dungeon (4/15)
 Temple: D:4-7

Altars:
Elyvilon
Zin
The Shining One

Shops:
D:3 ?

Annotations:
D:4 Menkaure


Innate Abilities, Weirdness & Mutations

Your body often deteriorates upon taking damage.
You sometimes lose the ability to read scrolls when taking damage.


Message History

The orc hits you with a +0 flail. The orc misses you.
You hit the orc but do no damage.
The orc is moderately wounded.
The orc hits you with a +0 flail.
You puncture the orc!
You kill the orc!
Things that are here:
a +0 flail; a +0 leather armour
Things that are here:
a +0 flail; a +0 leather armour No target in view!
HP restored.
You open the door.
There is an open door here.
You open the door.
There is an open door here.
Found a leather armour.
C - a silvery potion
Found a stone staircase leading down.
D - a ring of ice Menkaure, Prince of Dust comes into view.
You feel the dreadful sensation subside.
Your +2 quarterstaff of chaos is briefly surrounded by a scintillating aura of random colours.
z - a +2 quarterstaff of chaos (weapon)
Menkaure shouts!
Menkaure hits you.
Your body deteriorates!
You feel clumsy.
You hit Menkaure.
Menkaure is lightly damaged.
Menkaure casts a spell at you. Pain shoots through your body!
As you read the scroll of teleportation, it crumbles to dust.
You feel strangely unstable.
Menkaure calls on the powers of darkness!
Your body is wracked with pain!
You feel threatened and lose the ability to read scrolls!
* * * LOW HITPOINT WARNING * * *
Menkaure casts a spell at you. Pain shoots through your body!
You die...

##########
####........#
.......M.##.####.#
.###.###..@>....#
......#.##.####.#.
#......# .# #.#
#### #......# .#
#.# #...
#.###.....# .# #.#
#.##
#.[.......##.# #.#
# # ####........#
#.# #.## ###
###.###### #.#
#... #.# ##'## #.#
####


You could see Menkaure.

Vanquished Creatures
  A necrophage (D:3)
  A phantom (D:4)
  A scorpion (D:4)
  2 hounds (D:4)
  2 jellies (D:4)
  2 orc priests (D:3)
  Crazy Yiuf (D:3)
  A bullfrog skeleton (D:4)
  A gnoll shaman (D:4)
  3 gnolls (D:4)
  4 adders
  2 worms
  3 dart slugs
  15 orcs
  5 ball pythons
  7 bats
  5 endoplasms
  A giant cockroach (D:4)
  2 goblins
  3 hobgoblins
  4 jackals
  11 kobolds
  4 quokkas
  3 frilled lizards
  6 rats
90 creatures vanquished.

Notes
Turn   | Place    | Note
-------+----------+-------------------------------------------
     0 | D:1      | bobarctor the Deep Elf Necromancer began the quest for the
                  | Orb.
     0 | D:1      | Reached XP level 1. HP: 10/10 MP: 6/6
    30 | D:1      | Reached skill level 5 in Necromancy
   529 | D:1      | Reached XP level 2. HP: 13/15 MP: 5/8
  1223 | D:2      | Reached XP level 3. HP: 17/19 MP: 7/10
  1440 | D:2      | Noticed a great orb of eyes
  1447 | D:2      | Learned a level 3 spell: Vampiric Draining
  1451 | D:2      | Learned a level 3 spell: Spider Form
  1512 | D:2      | Noticed a golden eye
  1514 | D:2      | Found a faded altar of an unknown god.
  1516 | D:2      | Noticed an eye of devastation
  1516 | D:2      | Noticed a great orb of eyes
  2540 | D:3      | Reached XP level 4. HP: 16/24 MP: 5/12
  2656 | D:3      | Reached skill level 5 in Spellcasting
  2927 | D:3      | Reached XP level 5. HP: 25/28 MP: 10/14
  3328 | D:3      | Found a runed translucent door.
  3329 | D:3      | Noticed Crazy Yiuf
  3341 | D:3      | Killed Crazy Yiuf
  3567 | D:3      | Upgraded the game from 0.28-a0-10-g964c8b829e to
                  | 0.28-a0-43-g560ac104fe
  3587 | D:3      | Found Zapiphooca's Magic Scroll Shoppe.
  3592 | D:3      | Bought a scroll of magic mapping for 38 gold pieces
  3592 | D:3      | Bought a scroll of teleportation for 33 gold pieces
  3592 | D:3      | Bought a scroll of identify for 22 gold pieces
  3592 | D:3      | Bought a scroll of identify for 22 gold pieces
  3603 | D:3      | Gained mutation: Your body sometimes deteriorates upon
                  | taking damage. [potion of mutation]
  3603 | D:3      | Gained mutation: Your body often deteriorates upon taking
                  | damage. [potion of mutation]
  3603 | D:3      | Gained mutation: You sometimes lose the ability to read
                  | scrolls when taking damage. [potion of mutation]
  3680 | D:3      | Noticed a necrophage
  3687 | D:3      | Learned a level 4 spell: Animate Dead
  3873 | D:3      | Killed a necrophage
  3874 | D:3      | Reached skill level 1 in Poison Magic
  3874 | D:3      | Reached XP level 6. HP: 22/32 MP: 12/16
  4433 | D:4      | Reached skill level 1 in Transmutations
  4828 | D:4      | Reached XP level 7. HP: 18/36 MP: 18/18
  5112 | D:4      | Found a glowing silver altar of Zin.
  5112 | D:4      | Found a white marble altar of Elyvilon.
  5112 | D:4      | Found a glowing golden altar of the Shining One.
  5691 | D:4      | Noticed Menkaure
  5698 | D:4      | Killed from afar by Menkaure

Illustrated notes

Levels and vault maps discovered:
D:1:      co_arrival_hall_of_pillars, layout_loops_ring, minmay_pentomino_t2
D:2:      layout_basic, hellmonk_ecumenical_altar_watching_god
D:3:      layout_rooms, serial_shops, shop, palyth_stone_intersect,
          minmay_misc_feat_enclosed, uniq_crazy_yiuf_cottage
D:4:      layout_loops_corners, good_gods_mini_temple, temple_hall,
          uniq_menkaure

Skill      XL: |  1  2  3  4  5  6  7 |
---------------+----------------------+-----
Necromancy     | 5 6 7 |  7.2
Spellcasting   | 4 5 6 7 |  7.2
Poison Magic   | 1 2 3 |  3.1
Transmutations | 1 |  1.3
Stealth        | 3 |  3.0
Fighting       | |  0.1
Staves         | |  0.8
Throwing       | |  0.7
Dodging        | |  2.5

Action                   |  1- 3 |  4- 6 |  7- 9 || total
-------------------------+-------+-------+-------++-------
Melee: Short sword       |    15 |       |    14 ||    29
       Unarmed           |       |    19 |       ||    19
       Quarterstaff      |       |    25 |    18 ||    43
Throw: Dart              |     6 |     1 |       ||     7
 Cast: Pain              |    73 |    45 |     9 ||   127
       Vampiric Draining |     3 |    14 |     3 ||    20
       Animate Dead      |       |     2 |       ||     2
       Spider Form       |       |     2 |       ||     2
  Use: Scroll            |       |     5 |     1 ||     6
       Potion            |       |     1 |       ||     1
 Stab: Sleeping          |     2 |     1 |     4 ||     7
       Confused          |       |     1 |       ||     1
Armor: Robe              |    15 |     5 |     7 ||    27
       Skin              |       |     1 |       ||     1
Dodge: Dodged            |    22 |    32 |    25 ||    79

Table legend: (Time is in decaauts)
 A = Elapsed time spent in this place.
 B = Non-inter-level travel time spent in this place.
 C = Inter-level travel time spent in this place.
 D = Time resting spent in this place.
 E = Time spent auto-exploring this place.
 F = Levels seen in this place.
 G = Mean time per level.
                   A        B        C        D        E       F      G
               +--------+--------+--------+--------+--------+-----+--------+
         Total |   5709 |   5642 |     67 |   2450 |   2396 |   4 | 1427.2 |
       Dungeon |   5709 |   5642 |     67 |   2450 |   2396 |   4 | 1427.2 |
               +--------+--------+--------+--------+--------+-----+--------+

Top non-repeatable levels by time:
     D:3: 1927 daAuts
     D:4: 1632 daAuts
     D:1: 1144 daAuts
     D:2: 1004 daAuts
